 Dungeon Crawl Stone Soup version 0.17-a0-1716-gdf19ebb (console) character file.

2491 Monkaria the Covert (level 9, -11/55 HPs)
             Began as a Felid Berserker on Aug 24, 2015.
             Was an Elder of Trog.
             Mangled by an orc warrior
             ... wielding a +0 hand axe
              (15 damage)
             ... on level 7 of the Dungeon.
             The game lasted 00:09:00 (6439 turns).

Monkaria the Covert (Felid Berserker)               Turns: 6439, Time: 00:09:00

Health: -11/55     AC:  2    Str: 21    XL:     9   Next: 27%
Magic:  13/13      EV: 19    Int:  8    God:    Trog [****..]
Gold:   123        SH:  0    Dex: 16    Spells: 0 memorised, 8 levels left
                                        Lives:  0   Deaths: 2

rFire  . . .     SeeInvis +       - Unarmed
rCold  . . .     Clarity  .     (armour unavailable)
rNeg   . . .     SustAt   .     (shield unavailable)
rPois  .         Gourm    .     (helmet unavailable)
rElec  .         Spirit   .     (cloak unavailable)
rCorr  .         Warding  .     (gloves unavailable)
rMut   .         Stasis   .     (boots unavailable)
MR     +....                    u - amulet of regeneration
Stlth  ..........               (no ring)
                                m - ring of flight

@: berserking, very quick, somewhat resistant to hostile enchantments, extremely
unstealthy
A: no armour, no weapons or thrown items, claws 1, fangs 3, see invisible,
carnivore 3, speed 1, shaggy fur 2, slow metabolism 1, sharp paws
a: Burn Spellbooks, Berserk, Trog's Hand, Brothers in Arms, Renounce Religion,
Evoke Flight


You were on level 7 of the Dungeon.
You worshipped Trog.
Trog was greatly pleased with you.
You were full.

You visited 2 branches of the dungeon, and saw 8 of its levels.

You collected 339 gold pieces.
You spent 216 gold pieces at shops.

Inventory:

Jewellery
 m - a ring of flight (left paw)
 u - an amulet of regeneration (around neck)
Magical devices
 k - a wand of random effects (35)
 q - a wand of magic darts (25)
 r - a wand of paralysis (12)
 y - a wand of enslavement (3)
Scrolls
 d - a scroll of amnesia
 e - 5 scrolls of teleportation {unknown}
 g - 3 scrolls of magic mapping {unknown}
 i - 2 scrolls of random uselessness {unknown}
 l - 10 scrolls of remove curse
 p - 2 scrolls of noise {unknown}
 x - 2 scrolls of fog {unknown}
 C - 2 scrolls of fear {unknown}
 D - a scroll of summoning {unknown}
Potions
 b - a potion of curing
 c - 4 potions of heal wounds
 f - 2 potions of haste
 h - a potion of agility
 j - 2 potions of berserk rage
 o - a potion of invisibility
 s - a potion of flight
 v - 2 potions of lignification
 w - a potion of brilliance
 z - a potion of resistance {unknown}
 F - a potion of mutation {unknown}
Books
 E - a book of Necromancy

   Spells                             Type                      Level
   a - Pain                           Necromancy                   1
   b - Animate Skeleton               Necromancy                   1
   c - Vampiric Draining              Necromancy                   3
   d - Regeneration                   Charms/Necromancy            3
   e - Animate Dead                   Necromancy                   4
   f - Control Undead                 Necromancy                   4
   Trog disapproves of the use of such an item.
Comestibles
 a - a meat ration
 n - 2 slices of pizza


   Skills:
 - Level 3.0 Fighting
 - Level 4.0 Dodging
 + Level 14.8 Stealth
 - Level 8.1 Unarmed Combat
 - Level 5.0 Evocations


You had 8 spell levels left.
You didn't know any spells.

Dungeon Overview and Level Annotations

Branches:
Dungeon (7/15)             Temple (1/1) D:4

Altars:
Cheibriados
Dithmenos
Fedhas
Gozag
Kikubaaqudgha
Makhleb
Okawaru
Ru
Sif Muna
Vehumet
Xom
Yredelemnul
Zin
The Shining One

Shops:
D:7 !


Innate Abilities, Weirdness & Mutations

You cannot wear armour.
You are incapable of wielding weapons or throwing items.
You have sharp claws.
You have razor-sharp teeth.
You have supernaturally acute eyesight.
You are carnivorous and can eat meat at any time.
You cover ground quickly.
You are covered in thick fur (AC +2).
You have a slow metabolism.
Your sharp claws are effective at attacking unaware monsters.


Message History

You scratch the wasp zombie. The wasp zombie closely misses you.
You barely miss the wasp zombie. You claw the wasp zombie!
The orc barely misses you. The wasp zombie closely misses you.
You claw the orc warrior! You bite the orc warrior.
The orc warrior is heavily wounded.
The orc barely misses you.
You closely miss the orc warrior.
The orc warrior is heavily wounded.
The wasp zombie hits you!
* * * LOW HITPOINT WARNING * * *
The orc warrior misses you. The orc wizard casts a spell at you.
The magic dart hits you!
* * * LOW HITPOINT WARNING * * *
Unknown command.
You scratch the orc warrior.
The orc warrior is heavily wounded.
The wasp zombie hits you but does no damage.
The orc warrior hits you with a hand axe!
You die...

#...#####!....##....#
. #.##.#
#......[#....## ###
## #.......#.....#
#.......##....#
##.....###....#
##...## ###..#
####'########.#
#.............#
#.......o@oZ..#
#........oZ...#
#.########o####
#..### #...# #....#
#.....#
#....##.o.....#
#..†..#.......#
##....#.o.....#
#....##.Ocoo##


You could see an orc warrior, 2 orc wizards, an orc, a wasp zombie and a quokka
skeleton.

Vanquished Creatures
  A wolf spider (D:7)
  The ghost of emikaela the Frost Mage, an experienced OpIE (D:6)
  Prince Ribbit (D:6)
  Sigmund (D:6)
  A hungry ghost (D:7)
  Menkaure (D:7)
  Edmund (D:5)
  An orc warrior (D:7)
  2 ice beasts
  2 phantoms (D:5)
  4 ogres
  A centaur (D:7)
  A big kobold (D:7)
  The ghost of Promi the Ducker, an average SpEE (D:4)
  5 giant frogs
  A scorpion (D:4)
  A jelly (D:7)
  3 crimson imps
  2 giant frog zombies
  Crazy Yiuf (D:6)
  3 giant frog skeletons
  An orc priest (D:7)
  4 orc wizards
  A centaur skeleton (D:4)
  2 iguanas
  3 hounds
  3 worker ants (D:4)
  6 gnolls (D:4)
  6 adders
  A shadow imp (D:6)
  An ooze (D:2)
  2 adder skeletons
  An adder zombie (D:6)
  A worm (D:3)
  31 orcs
  5 bats
  4 giant cockroaches
  5 goblins
  6 hobgoblins
  4 jackals
  2 quokkas (D:3)
  A ball python (D:2)
  3 giant geckos
  4 giant newts
  10 kobolds
  A quokka skeleton (D:5)
  2 rats (D:3)
145 creatures vanquished.

Notes
Turn   | Place    | Note
--------------------------------------------------------------
     0 | D:1      | Monkaria the Felid Berserker began the quest for the Orb.
     0 | D:1      | Reached XP level 1. HP: 10/10 MP: 2/2
   383 | D:1      | Reached XP level 2. HP: 4/14 MP: 3/3
  1493 | D:2      | Reached XP level 3. HP: 17/17 MP: 4/4
  1745 | D:2      | Acquired Trog's second power
  1853 | D:3      | Found a shadowy altar of Dithmenos.
  1938 | D:3      | Reached skill level 5 in Unarmed Combat
  1938 | D:3      | Reached XP level 4. HP: 16/21 MP: 5/5
  2352 | D:3      | Found a snail-covered altar of Cheibriados.
  2354 | D:3      | Found a faded altar to an unknown god.
  2651 | D:4      | Noticed Promi's ghost (average SpEE)
  2661 | D:4      | Killed Promi's ghost
  2661 | D:4      | Reached skill level 6 in Unarmed Combat
  2661 | D:4      | Reached XP level 5. HP: 24/24 MP: 6/6
  2669 | D:4      | Noticed an ogre
  2685 | D:4      | Mangled by an ogre
  2686 | D:4      | Reached XP level 4. HP: -7/21 MP: 5/5
  2704 | D:4      | Reached XP level 5. HP: 16/24 MP: 6/6
  2763 | D:4      | Found a staircase to the Ecumenical Temple.
  2884 | Temple   | Entered the Ecumenical Temple
  3148 | D:4      | Reached skill level 7 in Unarmed Combat
  3243 | D:4      | Noticed a giant frog
  3250 | D:4      | Killed a giant frog
  3250 | D:4      | Gained mutation: You are covered in thick fur (AC +2). [Felid growth]
  3250 | D:4      | Reached XP level 6. HP: 28/28 MP: 7/7
  3367 | D:4      | Killed an ogre
  3369 | D:4      | Reached skill level 8 in Unarmed Combat
  3617 | D:4      | Noticed an ogre
  3625 | D:4      | Killed an ogre
  3625 | D:4      | Reached XP level 7. HP: 25/31 MP: 7/9
  3692 | D:5      | Entered Level 5 of the Dungeon
  3796 | D:5      | Noticed Edmund
  3818 | D:5      | Killed Edmund
  3891 | D:5      | Reached skill level 5 in Evocations
  3956 | D:5      | Reached skill level 1 in Stealth
  4039 | D:5      | Reached skill level 5 in Stealth
  4039 | D:5      | Reached XP level 8. HP: 34/34 MP: 12/12
  4342 | D:6      | Noticed emikaela's ghost (experienced OpIE)
  4542 | D:6      | Noticed Sigmund
  4563 | D:6      | Killed Sigmund
  4762 | D:6      | Killed emikaela's ghost
  4762 | D:6      | Reached skill level 10 in Stealth
  4895 | D:6      | Noticed Crazy Yiuf
  4908 | D:6      | Killed Crazy Yiuf
  5164 | D:6      | Noticed Prince Ribbit
  5180 | D:6      | Killed Prince Ribbit
  5180 | D:6      | Reached skill level 11 in Stealth
  5180 | D:6      | Reached XP level 9. HP: 37/37 MP: 13/13
  5254 | D:7      | Reached skill level 12 in Stealth
  5275 | D:7      | Killed from afar by an orc priest
  5276 | D:7      | Reached XP level 8. HP: -4/34 MP: 12/12
  5591 | D:7      | Noticed Menkaure
  5605 | D:7      | Killed Menkaure
  5605 | D:7      | Reached skill level 13 in Stealth
  5647 | D:7      | Found Notod's Distillery.
  5650 | D:7      | Bought a potion of heal wounds for 60 gold pieces
  5650 | D:7      | Bought a potion of lignification for 36 gold pieces
  5650 | D:7      | Bought a potion of berserk rage for 60 gold pieces
  5650 | D:7      | Bought a potion of heal wounds for 60 gold pieces
  5711 | D:7      | Acquired Trog's third power
  6130 | D:7      | Reached XP level 9. HP: 35/37 MP: 13/13
  6338 | D:7      | Noticed a wolf spider
  6345 | D:7      | Killed a wolf spider
  6345 | D:7      | Reached skill level 14 in Stealth
  6439 | D:7      | Mangled by an orc warrior

Vault maps used:
D:1:      minmay_arrival_four_circles, st_stairs_11
D:3:      nicolae_dithmenos_through_a_glass_darkly, cheibriados_altar_1,
          ecumenical_altar_2
D:4:      minmay_temple_entry_mist
D:5:      first_bread, uniq_edmund
D:6:      nicolae_overflow_hidden_temple, uniq_sigmund, uniq_crazy_yiuf_cottage,
          uniq_prince_ribbit1
D:7:      minmay_opposing_rooms, serial_shops, kennysheep_mini, uniq_menkaure
Temple:   chambers_temple_12

Action                   |  1- 3 |  4- 6 |  7- 9 || total
-------------------------+-------+-------+-------++-------
Melee: Unarmed           |    91 |   118 |   228 ||   437
Invok: Berserk           |     2 |     8 |    12 ||    22
       Trog's Hand       |       |     2 |     6 ||     8
  Use: Scroll            |       |     4 |     7 ||    11
 Stab: Sleeping          |     3 |     2 |    13 ||    18
  Eat: Chunk             |    10 |    17 |    25 ||    52
